 Dungeon Crawl Stone Soup version 0.19.4-9-g45fd643 (webtiles) character file.

424 equalderp2856 the Scratcher (level 6, -1/28 HPs)
             Began as a Felid Fighter on Feb 15, 2017.
             Slain by an orc
             ... wielding a +0 hand axe
              (8 damage)
             ... on level 4 of the Dungeon.
             The game lasted 00:13:36 (6551 turns).

equalderp2856 the Scratcher (Felid Fighter)         Turns: 6551, Time: 00:13:37

Health: -1/28      AC:  2    Str: 13    XL:     6   Next: 64%
Magic:  7/7        EV: 22    Int: 10    God:
Gold:   220        SH:  0    Dex: 16    Spells: 0 memorised, 5 levels left
                                        Lives:  0   Deaths: 1

rFire  . . .     SeeInvis +       - Unarmed
rCold  . . .     Gourm    .     (armour unavailable)
rNeg   . . .     Faith    .     (shield unavailable)
rPois  .         Spirit   .     (helmet unavailable)
rElec  .         Reflect  .     (cloak unavailable)
rCorr  .         Harm     .     (gloves unavailable)
MR     .....                    (boots unavailable)
Stlth  +++.......               (no amulet)
                                (no ring)
                                (no ring)

@: quick
A: no armour, no weapons or thrown items, stealth, claws 1, fangs 3, see
invisible, carnivore 3, speed 1, shaggy fur 2, slow metabolism 1, sharp paws
a: no special abilities


You were on level 4 of the Dungeon.
You were full.

You visited 1 branch of the dungeon, and saw 4 of its levels.

You collected 220 gold pieces.

Inventory:

Hand Weapons
 t - a +0 blowgun
Missiles
 r - 4 tomahawks
 u - 17 poisoned needles
Jewellery
 h - an uncursed amulet of harm {unknown}
 m - a +2 ring of dexterity {unknown}
 o - a cursed ring of loudness {unknown}
 s - an uncursed ring of protection from magic {unknown}
Scrolls
 c - 2 scrolls of remove curse {unknown}
 d - 2 scrolls of teleportation {unknown}
 g - 5 scrolls of identify {unknown}
 k - a scroll of blinking {unknown}
 p - 2 scrolls of amnesia {unknown}
 q - a scroll of magic mapping {unknown}
Potions
 a - a potion of might
 e - 4 potions of heal wounds {unknown}
 f - a potion of lignification {unknown}
 i - a potion of invisibility {unknown}
 j - a potion of curing {unknown}
 n - a potion of flight {unknown}
 v - 2 potions of haste {unknown}
Comestibles
 b - 5 meat rations
 l - a beef jerky
 w - a bread ration
 x - 2 fruits


   Skills:
 + Level 3.5 Fighting
 + Level 6.2 Dodging
 + Level 4.1 Stealth
 + Level 6.5 Unarmed Combat


You had 5 spell levels left.
You didn't know any spells.

Dungeon Overview and Level Annotations

Branches:
Dungeon (4/15)
 Temple: D:4-7

Altars:
Yredelemnul

Annotations:
D:3 Sagrath01's ghost, amateur VSNe
D:4 Eustachio


Innate Abilities, Weirdness & Mutations

You cannot wear armour.
You are incapable of wielding weapons or throwing items.
Your paws allow you to move quietly. (Stealth)
You have sharp claws.
You have razor-sharp teeth.
You have supernaturally acute eyesight. (SInv)
You are carnivorous and can eat meat at any time.
You cover ground quickly.
You are covered in thick fur. (AC +2)
You have a slow metabolism.
Your sharp claws are effective at attacking unaware monsters.


Message History

The orc wizard is heavily wounded.
The orc wizard hits you with a dagger.
You scratch the orc wizard.
The orc wizard is severely wounded.
The orc wizard closely misses you.
You barely miss the orc wizard.
The orc wizard is severely wounded.
The orc completely misses you.
The orc wizard points at you and mumbles some strange words.
The magic dart hits you!
You barely miss the orc wizard. Your bite misses the orc wizard.
The orc wizard is severely wounded.
The orc wizard closely misses you. The orc hits you with a hand axe.
* * * LOW HITPOINT WARNING * * *
You claw the orc wizard!
You kill the orc wizard!
You scratch the orc.
The orc is almost dead.
The orc hits you with a hand axe!
You die...

#.# #........>.#.#
#.#.....# ### #.#
#.#######..#.#
#o#####.. .÷# #.# #.#
#..#.# #.# ##. #.# #.#
#.# #..#.# #o# #. #.#
#.# #.# #..#.# #.# #.
#.####.###.# #.##.#
#.######. #.......##.#
#.##.# #..§....#
#######.##.#######.##.#
#######..
#.##......@o....#
#......
#.###.##.#)######
#.###.. #.# #.##....#
#...... ##.# #.####..#
####.## ..# #.####..###
#... #.# #.#.......#
#..# #.###.#.#####.#
#..# #.....#.# #.# #..#
#.# #.###...# #.# #..#


You could see an orc.

Vanquished Creatures
  Sigmund (D:4)
  A howler monkey (D:4)
  2 orc priests (D:4)
  Ijyb (D:2)
  2 orc wizards (D:4)
  4 adders
  An ooze (D:1)
  3 worms
  2 dart slugs
  5 leopard geckos
  13 orcs
  A ball python (D:2)
  6 giant cockroaches
  4 goblins
  9 hobgoblins
  3 jackals (D:1)
  9 kobolds
  3 quokkas
  11 bats
  4 frilled lizards
  A leopard gecko skeleton (D:4)
  7 rats
93 creatures vanquished.

Notes
Turn   | Place    | Note
-------+----------+-------------------------------------------
     0 | D:1      | equalderp2856 the Felid Fighter began the quest for the Orb.
     0 | D:1      | Reached XP level 1. HP: 10/10 MP: 2/2
   215 | D:1      | Reached XP level 2. HP: 14/14 MP: 3/3
   892 | D:1      | Reached XP level 3. HP: 6/17 MP: 4/4
  1562 | D:2      | Reached skill level 5 in Dodging
  1832 | D:2      | You fall through a shaft!
  1874 | D:3      | Reached skill level 1 in Stealth
  2385 | D:2      | Noticed Ijyb
  2429 | D:2      | Killed Ijyb
  2429 | D:2      | Reached XP level 4. HP: 10/21 MP: 5/5
  2671 | D:2      | Found a basalt altar of Yredelemnul.
  3095 | D:3      | Noticed Sagrath01's ghost (amateur VSNe)
  3633 | D:3      | Reached skill level 5 in Unarmed Combat
  3901 | D:3      | Reached XP level 5. HP: 22/24 MP: 6/6
  4958 | D:4      | Noticed Eustachio
  5174 | D:4      | Killed from afar by an orc priest
  5175 | D:4      | Reached XP level 4. HP: -5/21 MP: 5/5
  5190 | D:4      | HP: 1/21 [orc/hand axe (7)]
  5568 | D:4      | Noticed Sigmund
  5578 | D:4      | Killed Sigmund
  5578 | D:4      | Reached XP level 5. HP: 8/24 MP: 6/6
  5578 | D:4      | Gained mutation: You are covered in thick fur. (AC +2) [Felid growth]
  5578 | D:4      | Reached XP level 6. HP: 9/28 MP: 7/7
  6551 | D:4      | Slain by an orc

Skill      XL: |  1  2  3  4  5  6 |
---------------+-------------------+-----
Dodging        | 5 6 |  6.2
Stealth        | 1 4 |  4.1
Unarmed Combat | 6 |  6.5
Fighting       | |  3.5

Action                   |  1- 3 |  4- 6 || total
-------------------------+-------+-------++-------
Melee: Unarmed           |   156 |   159 ||   315
       Bite              |     7 |    15 ||    22
       Punch             |     1 |     3 ||     4
 Stab: Sleeping          |     1 |     7 ||     8
  Eat: Chunk             |     4 |    11 ||    15
Armor: Skin              |    12 |     2 ||    14
Dodge: Dodged            |   191 |    97 ||   288
